 Dungeon Crawl Stone Soup version 0.31-a0-1547-g618ab1f346 (webtiles) character file.

Game seed: 15547586388594531784

9 Flugslaktarn the Apothecary (level 2, -6/17 HPs)
             Began as an Octopode Alchemist on Jan 3, 2024.
             Mangled by a gnoll
             ... wielding a +0 club
              (7 damage)
             ... on level 1 of the Dungeon.
             The game lasted 00:00:24 (364 turns).

Flugslaktarn the Apothecary (Octopode Alchemist)     Turns: 364, Time: 00:00:25

Health: -6/17      AC:  1    Str:  7    XL:     2   Next: 12%
Magic:  1/5        EV: 13    Int: 17    God:
Gold:   28         SH:  0    Dex: 12    Spells: 4/5 levels left

rFire   . . .        (no weapon)
rCold   . . .        (no shield)
rNeg    . . .        (helmet restricted)
rPois   .            (no amulet)
rElec   .            (no ring)
rCorr   .            (no ring)
SInv    .            (no ring)
Will    .....        (no ring)
Stlth   +++          (no ring)
HPRegen 0.22/turn    (no ring)
MPRegen 0.09/turn    (no ring)
                     (no ring)

%: no passive effects
@: no status effects
A: almost no armour, amphibious, 8 rings, camouflage 1, gelatinous body 1,
(nimble swimmer 1), tentacles
a: no special abilities


You were on level 1 of the Dungeon.
You visited 1 branch of the dungeon, and saw 1 of its levels.

You collected 28 gold pieces.

Inventory:

Potions
 a - a potion of magic
 b - a potion of curing {unknown}


   Skills:
 - Level 2.0 Dodging
 - Level 2.6 Stealth
 + Level 2.2 Spellcasting
 - Level 1.0 Conjurations
 * Level 3.7 Alchemy


You had 4 spell levels left.
You knew the following spells:

 Your Spells              Type           Power      Damage    Failure   Level
a - Sting                 Conj/Alch      40%        1d5       7%          1

Your spell library contained the following spells:

 Spells                   Type           Power      Damage    Failure   Level
 Mercury Vapours          Alch/Air       16%        N/A       13%         2
 Mephitic Cloud           Conj/Alch/Air  7%         N/A       30%         3
 Olgreb's Toxic Radiance  Alch           14%        N/A       36%         4
 Sticky Flame             Fire/Alch      8%         2d4       65%         4


Dungeon Overview and Level Annotations

Branches:
Dungeon (1/15)

Altars:


Innate Abilities, Weirdness & Mutations

You cannot wear most types of armour.
You are amphibious.
You can wear up to eight rings at the same time.
Your skin changes colour to match your surroundings (Stealth+).
Your rubbery body absorbs attacks. (AC +1, EV +1)
((You are camouflaged when in or above water. (Stealth+)))
You have tentacles for arms and can constrict up to eight enemies at once.


Message History

You open the door.
There is an open door here.
You enter the shallow water.
You enter the shallow water.
Found a stone staircase leading down.
A ball python comes into view.
The ball python hisses angrily.
A ball python is nearby!
Unknown command.
Casting: Sting (safe; 8% risk of failure)
Confirm with . or Enter, or press ? or * to list all spells.
Aiming: Sting (safe; 8% risk of failure)
Press: ? - help, Shift-Dir - straight line, f - ball python
Aim: a ball python (64% to hit)
The sting hits the ball python.
The ball python is poisoned.
The ball python is heavily wounded.
The ball python bites you. The ball python grabs you.
The ball python constricts you.
Casting: Sting (safe; 8% risk of failure)
Confirm with . or Enter, or press ? or * to list all spells.
Aiming: Sting (safe; 8% risk of failure)
Press: ? - help, Shift-Dir - straight line, f/p - ball python
Aim: a ball python (severely wounded, constricting you, poisoned, 64% to hit)
The sting hits the ball python.
The ball python looks even sicker.
You kill the ball python!
You have reached level 2!
You now have 28 gold pieces (gained 11).
There are no items here.
Found an escape hatch in the floor.
HP restored.
You open the door.
There is an open door here.
A kobold comes into view. It is wielding a +0 short sword.
Unknown command.
Casting: Sting (safe; 8% risk of failure)
Confirm with . or Enter, or press ? or * to list all spells.
You can't see any susceptible monsters within range! (Use Z to cast anyway.)
The kobold shouts!
You hear an angry hiss.
Found a robe and a sling.
A rat comes into view.
Casting: Sting (safe; 8% risk of failure)
Confirm with . or Enter, or press ? or * to list all spells.
Aiming: Sting (safe; 8% risk of failure)
Press: ? - help, Shift-Dir - straight line, f - kobold
Aim: a kobold, wielding a +0 short sword (60% to hit)
The sting hits the kobold.
The kobold is poisoned.
The kobold is heavily wounded.
Casting: Sting (safe; 8% risk of failure)
Confirm with . or Enter, or press ? or * to list all spells.
Aiming: Sting (safe; 8% risk of failure)
Press: ? - help, Shift-Dir - straight line, f/p - kobold
Aim: a kobold, wielding a +0 short sword (heavily wounded, poisoned, 60% to hit)
The sting hits the kobold.
The kobold looks even sicker.
You kill the kobold!
A gnoll comes into view. It is wielding a +0 club.
Unknown command.
The gnoll shouts!
You tentacle-slap the rat but do no damage.
You grab the rat. You constrict the rat.
You hear an angry hiss.
The rat bites you.
Unknown command.
Casting: Sting (safe; 7% risk of failure)
Confirm with . or Enter, or press ? or * to list all spells.
Aiming: Sting (safe; 7% risk of failure)
Press: ? - help, Shift-Dir - straight line, f - rat
Aim: a rat (heavily wounded, constricted by you, 89% to hit)
The sting misses the rat.
You constrict the rat, but do no damage.
A ball python comes into view.
The rat bites you.
You release your grip on the rat.
The rat attacks as it pursues you! The rat barely misses you.
The rat attacks as it pursues you! The rat bites you.
You open the door. The rat closely misses you.
The gnoll attacks as it pursues you! The gnoll hits you with a +0 club.
There is an open door, spattered with blood here.
The gnoll attacks as it pursues you! The gnoll misses you.
The gnoll attacks as it pursues you! The gnoll completely misses you.
Casting: Sting (safe; 7% risk of failure)
Confirm with . or Enter, or press ? or * to list all spells.
Aiming: Sting (safe; 7% risk of failure)
Press: ? - help, Shift-Dir - straight line, f/p - rat
Aim: a rat (heavily wounded, 68% to hit)
The sting misses the gnoll.
The sting hits the rat.
The rat is poisoned.
You kill the rat!
The gnoll closely misses you.
Casting: Sting (safe; 7% risk of failure)
Confirm with . or Enter, or press ? or * to list all spells.
Aiming: Sting (safe; 7% risk of failure)
Press: ? - help, Shift-Dir - straight line, f - gnoll
Aim: a gnoll, wielding a +0 club (75% to hit)
The sting hits the gnoll.
The gnoll is poisoned.
The gnoll is moderately wounded.
The gnoll hits you with a +0 club!
* * * LOW HITPOINT WARNING * * *
You barely miss the gnoll. Your grab misses the gnoll.
The gnoll is heavily wounded.
The gnoll hits you with a +0 club!
You die...

#.#....^##.....#########
#.#.###.##.....#.......#
#.......##.....#.......#
#.......##..>..#.......#
#......................#
#.#'##########.........#
#.#.......# #.........#
#.#######.# #.....#####
#...# #@# #.....# ###.#
#g# #.....# ##.#+#+#S##
#.....####### #.......†.#
#............ #.).......#
#............ #.........#
#............
#.........##.............
#...#.....###.###.......>.
....##.#...# #. #.........


You could see a gnoll (poisoned) and a ball python.

Vanquished Creatures
  A ball python (D:1)
  A bat (D:1)
  A goblin (D:1)
  A hobgoblin (D:1)
  A kobold (D:1)
  2 frilled lizards (D:1)
  A rat (D:1)
8 creatures vanquished.

Notes
Turn   | Place    | Note
-------+----------+-------------------------------------------
     0 | D:1      | Flugslaktarn the Octopode Alchemist began the quest for the
                  | Orb.
     0 | D:1      | Reached XP level 1. HP: 11/11 MP: 3/3
   293 | D:1      | Reached XP level 2. HP: 14/17 MP: 1/5
   364 | D:1      | Mangled by a gnoll

Illustrated notes

Levels and vault maps discovered:
D:1:      wheals_arrival_linesprint, layout_basic, hex_medium,
          chequers_serial_rivers_micro_a, minmay_pentomino_p4

Action                     || total
---------------------------++-------
  Melee: Unarmed           ||     3
         Constrict         ||     2
         Tentacles         ||     1
   Cast: Sting             ||    13
 Armour: Skin              ||     7
  Dodge: Dodged            ||     6

Table legend: (Time is in decaauts)
 A = Elapsed time spent in this place.
 B = Non-inter-level travel time spent in this place.
 C = Inter-level travel time spent in this place.
 D = Time resting spent in this place.
 E = Time spent auto-exploring this place.
 F = Levels seen in this place.
 G = Mean time per level.
                   A        B        C        D        E       F      G
               +--------+--------+--------+--------+--------+-----+--------+
         Total |    364 |    364 |      0 |      0 |    262 |   1 |  364.0 |
       Dungeon |    364 |    364 |      0 |      0 |    262 |   1 |  364.0 |
               +--------+--------+--------+--------+--------+-----+--------+

Top non-repeatable levels by time:
     D:1: 364 daAuts
